AoeStats
← jose.salazar29

Black Forest

503233501Analyzed
4v4 RM · 2mo ago on Aug 30, 2026· 51m 32s· 8 players
Game mode
Random Map
Map size
Large (8 player)
Population
200
Speed
Normal
Resources
Standard
Victory
Conquest
Starting age
Dark Age
Ending age
Imperial Age
RankedLock teamsTeams togetherTeam positionsShared explorationLock speedFull tech treeHidden civsTurbo modeCheats
Victory
Defeat
🇨🇱 Chinese · Chile
1003
+12
🇲🇽 Dravidians · Mexico
978
+13
🇦🇷 Bohemians · Argentina
976
+13
🇺🇸 Turks · United States
962
+14
vs
🇭🇷 Franks · Croatia
948
-43
🇮🇪 Teutons · Ireland
929
-14
🇭🇷 Hindustanis · Croatia
904
-13
🇮🇪 Malay · Ireland
885
-12
Neto
5:23 Loom
12:12 Feudal Age
16:27 Double-Bit Axe
19:33 Horse Collar
23:38 Castle Age
23:05 Fletching
23:16 Padded Archer Armor
24:24 Crossbowman
26:14 Bodkin Arrow
27:50 Gold Mining
28:14 Heavy Plow
36:28 Imperial Age
34:22 Stone Mining
35:05 Bow Saw
35:34 Thumb Ring
36:37 Wheelbarrow
38:21 Ballistics
40:45 Chemistry
43:30 Two-Man Saw
43:31 Conscription
43:50 Leather Archer Armor
46:58 Bracer
47:38 Onager
50:20 Ring Archer Armor
50:04 Elite Elephant Archer
Sqwintz
2:10 Loom
12:36 Feudal Age
13:21 Double-Bit Axe
20:14 Castle Age
18:22 Gold Mining
20:19 Horse Collar
26:13 Fervor
31:38 Imperial Age
31:15 Bow Saw
32:20 Wheelbarrow
33:10 Conscription
32:43 Town Watch
34:40 Two-Man Saw
34:28 Heavy Plow
35:00 Artillery
36:23 Town Patrol
36:41 Hand Cart
38:08 Padded Archer Armor
38:33 Ballistics
39:05 Leather Archer Armor
42:13 Ring Archer Armor
43:27 Gold Mining
44:33 Elite Janissary
45:10 Fletching
47:45 Bloodlines
47:36 Husbandry
47:52 Forging
47:47 Scale Barding Armor
47:38 Bodkin Arrow
49:41 Heavy Camel Rider
jose.salazar29
0:31 Loom
19:49 Feudal Age
21:56 Double-Bit Axe
22:23 Horse Collar
26:04 Fletching
33:20 Castle Age
32:19 Padded Archer Armor
34:03 Bodkin Arrow
36:36 Thumb Ring
36:49 Leather Archer Armor
40:14 Bow Saw
41:28 Great Wall
41:54 Gold Mining
43:14 Fervor
43:20 Fervor
44:16 Wheelbarrow
43:29 Town Watch
44:51 Ballistics
47:33 Hand Cart
50:00 Imperial Age
48:24 Gold Shaft Mining
48:02 Heavy Plow
50:47 Bracer
51:18 Ring Archer Armor
51:51 Chemistry
50:17 Capped Ram
Fachaman
1:34 Loom
11:58 Feudal Age
17:29 Castle Age
16:04 Double-Bit Axe
19:01 Wheelbarrow
19:22 Horse Collar
29:16 Imperial Age
29:10 Fletching
28:54 Pikeman
29:36 Squires
30:09 Siege Engineers
30:35 Capped Ram
31:32 Scale Mail Armor
32:15 Conscription
32:59 Heavy Scorpion
33:44 Town Watch
34:17 Hand Cart
35:42 Hussite Reforms
36:09 Fortified Wall
36:12 Masonry
36:13 Heavy Plow
37:43 Chain Mail Armor
37:38 Forging
37:24 Bodkin Arrow
38:20 Halberdier
40:12 Town Patrol
41:26 Arson
43:04 Chemistry
42:38 Plate Mail Armor
42:43 Iron Casting
42:57 Wagenburg Tactics
43:20 Elite Hussite Wagon
44:56 Houfnice
46:02 Bow Saw
46:59 Caravan
49:19 Blast Furnace
48:20 Bracer
L0rdDmbrngr
0:50 Loom
13:31 Feudal Age
14:14 Double-Bit Axe
21:26 Castle Age
20:21 Horse Collar
20:34 Stone Mining
20:35 Gold Mining
20:39 Fletching
22:34 Town Watch
24:46 Wheelbarrow
25:55 Bow Saw
25:45 Bodkin Arrow
26:01 Heavy Plow
33:04 Imperial Age
32:22 Forging
32:13 Scale Mail Armor
32:19 Scale Barding Armor
33:15 Masonry
33:17 Fortified Wall
33:38 Hand Cart
33:55 Masonry
34:06 Ballistics
34:48 Chemistry
34:24 Squires
34:10 Gambesons
34:11 Arson
35:02 Ballistics
35:58 Chain Mail Armor
36:04 Chain Barding Armor
36:20 Iron Casting
36:51 Bloodlines
38:33 Cavalier
40:59 Plate Barding Armor
41:05 Conscription
43:29 Pikeman
48:29 Onager
CHIKN9476
24:49 Feudal Age
24:54 Town Watch
27:09 Scale Barding Armor
27:52 Forging
30:37 Castle Age
28:33 Horse Collar
28:41 Double-Bit Axe
28:48 Stone Mining
28:54 Gold Mining
31:47 Husbandry
32:31 Iron Casting
42:18 Heavy Plow
42:30 Bow Saw
aHuRa_zg82
2:39 Loom
17:46 Feudal Age
31:39 Castle Age
35:03 Scale Mail Armor
41:00 Bloodlines
44:01 Double-Bit Axe
47:05 Fortified Wall
48:38 Scale Barding Armor
48:45 Forging
49:06 Husbandry
49:29 Horse Collar
50:41 Chain Barding Armor
marinbjelis10
15:59 Feudal Age
20:55 Castle Age
31:53 Wheelbarrow
32:40 Scale Barding Armor
32:47 Forging
34:34 Hand Cart
45:55 Pikeman
47:02 Elite Skirmisher
Connection lost

Rejoining the realm…

Still unreachable

The connection could not be restored.

Session expired

The server has moved on; the page needs a fresh start.